 Dungeon Crawl Stone Soup version 0.22-a0-430-g6609fc6 (webtiles) character file.

771 Leszczynek the Vexing (level 7, -5/41 HPs)
             Began as a Deep Elf Skald on May 26, 2018.
             Was an Initiate of Sif Muna.
             Slain by an orc warrior
             ... wielding a +2 scimitar of electrocution
              (8 damage)
             ... on level 7 of the Dungeon.
             The game lasted 00:24:57 (3004 turns).

Leszczynek the Vexing (Deep Elf Skald)              Turns: 3004, Time: 00:24:58

Health: -5/41      AC: 14    Str:  8    XL:     7   Next: 53%
Magic:  3/13       EV: 13    Int: 29    God:    Sif Muna [......]
Gold:   277        SH:  0    Dex: 14    Spells: 1/12 levels left

rFire    . . .     SeeInvis +   a - +2 dagger (protect)
rCold    . . .     Gourm    .   (no shield)
rNeg     . . .     Faith    .   l - +0 leather armour
rPois    .         Spirit   .   u - +2 helmet {SInv}
rElec    .         Reflect  .   r - +0 cloak
rCorr    .         Harm     .   (no gloves)
MR       .....                  (no boots)
Stlth    +.........             (no amulet)
HPRegen  0.13/turn              k - +5 ring of intelligence
MPRegen  0.13/turn              v - +4 ring of intelligence

@: protection aura
A: no striking features
a: Renounce Religion


You were on level 7 of the Dungeon.
You worshipped Sif Muna.
Sif Muna was noncommittal.
You were hungry.

You visited 2 branches of the dungeon, and saw 8 of its levels.

You collected 277 gold pieces.

Inventory:

Hand Weapons
 a - a +2 dagger of protection (weapon)
 b - a +0 hunting sling
 e - a +0 short sword
Missiles
 q - 220 stones (quivered)
 s - 24 sling bullets
 C - 7 tomahawks
Armour
 l - a +0 leather armour (worn)
 r - a +0 cloak (worn)
 u - a +2 helmet of see invisible (worn)
Magical Staves
 j - an uncursed staff of death {unknown}
Jewellery
 k - a +5 ring of intelligence (left hand)
 v - a +4 ring of intelligence (right hand)
 w - an uncursed ring of ice
 x - an uncursed ring of flight
 E - an uncursed amulet of regeneration {unknown}
Wands
 c - a wand of random effects (36)
Scrolls
 g - 2 scrolls of teleportation
 i - 2 scrolls of magic mapping
 m - 3 scrolls of remove curse {@r2}
 y - a scroll of enchant armour {unknown}
 z - a scroll of noise {unknown}
 F - 3 scrolls of enchant weapon {unknown}
Potions
 f - a potion of degeneration {unknown}
 h - 4 potions of brilliance
 n - a potion of magic {unknown}
 o - a potion of heal wounds {@q2}
 p - a potion of curing {unknown}
 t - 2 potions of agility
 A - 2 potions of flight {unknown}
 B - a potion of might {unknown}
Comestibles
 d - 6 rations
 D - 3 chunks of flesh


   Skills:
 - Level 3.3 Fighting
 - Level 4.3 Short Blades
 - Level 0.1 Staves
 - Level 0.7 Armour
 - Level 3.8 Dodging
 + Level 3.0 Spellcasting
 * Level 6.0 Hexes
 - Level 4.4 Charms
 - Level 2.7 Necromancy
 - Level 2.1 Translocations


You had one spell level left.
You knew the following spells:

 Your Spells              Type           Power        Failure   Level  Hunger
a - Confuse               Hex            #####...     2%          3    ###....
b - Shroud of Golubria    Chrm/Tloc      ###.......   4%          2    #......
c - Spectral Weapon       Hex/Chrm       ####....     3%          3    ###....
q - Regeneration          Chrm/Necr      ####......   8%          3    ###....

Your spell library contained the following spells:

 Spells                   Type           Power        Failure   Level  Hunger
 Confusing Touch          Hex            #####.       1%          1    None
 Metabolic Englaciation   Hex/Ice        ###.......   65%         5    ######.
 Petrify                  Tmut/Erth      #.......     71%         4    ####...
 Infusion                 Chrm           ####         1%          1    None
 Song of Slaying          Chrm           ####....     2%          2    #......
 Gell's Gravitas          Tloc           ###.......   13%         3    ###....
 Yara's Violent Unravell  Hex/Tmut       ###.......   65%         5    ######.


Dungeon Overview and Level Annotations

Branches:
Dungeon (7/15)             Temple (1/1) D:6

Altars:
Dithmenos
Fedhas
Makhleb
Okawaru
Sif Muna
Trog
Uskayaw
Vehumet
Wu Jian
Xom
Yredelemnul
Zin
The Shining One

Annotations:
D:2 Natasha
D:7 Joseph


Message History

The orc warrior is almost dead.
The orc barely misses you.
The orc warrior barely misses the orc.
You hit the orc warrior.
The orc warrior is almost dead.
The orc hits you but does no damage.
You hit the orc warrior but do no damage.
The orc warrior is almost dead.
The orc hits you with a falchion. The orc misses you.
The orc warrior seems less confused.
The orc warrior hits you with a scimitar of electrocution.
The orc barely misses you.
Things that are here:
a mace; a ring mail You hit the orc.
The orc is heavily wounded.
The orc hits you but does no damage. The orc hits you with a dagger.
The orc warrior hits you with a scimitar of electrocution!
* * * LOW HITPOINT WARNING * * *
You are electrocuted!
You die...

##+## ##...##
##.....##
##.o@o.)<##
...####..o......#
......'....[....+
...####.........#
##.......##
##.....## ##...##
##+##


You could see an orc warrior and 2 orcs.

Vanquished Creatures
  Menkaure (D:5)
  Edmund (D:6)
  2 ogres
  2 bullfrogs (D:7)
  A hound (D:5)
  An orc wizard (D:4)
  3 worker ants
  Robin (D:3)
  3 adders
  A howler monkey skeleton (D:6)
  A shadow imp (D:6)
  2 leopard geckos
  7 orcs
  3 bats
  3 giant cockroaches
  14 goblins
  3 hobgoblins (D:3)
  7 jackals
  6 kobolds (D:1)
  2 quokkas
  A ball python (D:1)
  2 frilled lizards
  A giant cockroach zombie (D:6)
  A leopard gecko zombie (D:5)
  A rat (D:3)
70 creatures vanquished.

Notes
Turn   | Place    | Note
-------+----------+-------------------------------------------
     0 | D:1      | Leszczynek the Deep Elf Skald began the quest for the Orb.
     0 | D:1      | Reached XP level 1. HP: 12/12 MP: 6/6
   255 | D:2      | Reached skill level 2 in Fighting
   306 | D:2      | Noticed Natasha
   372 | D:1      | Reached XP level 2. HP: 11/17 MP: 8/8
   383 | D:1      | Learned a level 2 spell: Shroud of Golubria
   574 | D:1      | Reached skill level 1 in Translocations
   871 | D:3      | HP: 3/17 [bat (1)]
  1127 | D:3      | Reached XP level 3. HP: 21/22 MP: 6/9
  1181 | D:3      | Noticed Robin
  1222 | D:3      | Killed Robin
  1222 | D:3      | Reached skill level 2 in Translocations
  1289 | D:3      | oh
  1289 | D:3      | i thought there are some rewards here
  1289 | D:3      | :/
  1358 | D:4      | Learned a level 3 spell: Spectral Weapon
  1370 | D:4      | Reached skill level 2 in Hexes
  1370 | D:4      | Reached XP level 4. HP: 23/27 MP: 2/10
  1429 | D:4      | Reached skill level 3 in Hexes
  1483 | D:5      | Entered Level 5 of the Dungeon
  1707 | D:4      | Reached skill level 4 in Hexes
  1746 | D:5      | Noticed Menkaure
  1747 | D:5      | fuckkkkk
  1769 | D:5      | Killed Menkaure
  1769 | D:5      | Reached skill level 3 in Fighting
  1769 | D:5      | Reached skill level 3 in Dodging
  1769 | D:5      | Reached XP level 5. HP: 32/32 MP: 7/11
  1881 | D:6      | Noticed an ogre
  1888 | D:6      | Killed an ogre
  1888 | D:6      | Reached skill level 3 in Short Blades
  1888 | D:6      | Reached XP level 6. HP: 37/37 MP: 1/12
  2010 | D:6      | Found an ornate altar of the Wu Jian Council.
  2021 | D:6      | Found a staircase to the Ecumenical Temple.
  2041 | Temple   | Entered the Ecumenical Temple
  2047 | Temple   | Became a worshipper of Sif Muna the Loreminder
  2077 | D:6      | Learned a level 3 spell: Regeneration
  2200 | D:6      | Noticed Edmund
  2321 | D:5      | Reached skill level 1 in Necromancy
  2432 | D:4      | Learned a level 3 spell: Confuse
  2573 | D:7      | Reached skill level 2 in Necromancy
  2573 | D:7      | Reached XP level 7. HP: 39/41 MP: 13/13
  2694 | D:6      | Killed Edmund
  2694 | D:6      | Reached skill level 4 in Short Blades
  2694 | D:6      | Reached skill level 5 in Hexes
  2811 | D:7      | Noticed a troll
  2819 | D:7      | Noticed Joseph
  2820 | D:7      | ...
  2832 | D:6      | oh boy
  2832 | D:6      | half hp from one bullet
  2835 | D:6      | but he has a quarterstaff
  2835 | D:6      | ha ha
  2915 | D:7      | Reached skill level 6 in Hexes
  2928 | D:7      | >elec scimitar
  2928 | D:7      | oh boyyyyy
  2928 | D:7      | now i have to rethink my staff strategy
  3004 | D:7      | HP: 3/41 [orc warrior/scimitar of electrocution (14)]
  3004 | D:7      | Slain by an orc warrior

Vault maps used:
D:1:      dpeg_arrival_simpleton_b
D:2:      tso_altar, uniq_natasha
D:3:      kennysheep_goblin_castle, trog_three_pillars_becter
D:4:      overflow_temple_1_default, kennysheep_nub, uniq_sigmund,
          uniq_crazy_yiuf_cottage
D:5:      mumra_celtic_spiral_tile, first_ration, uniq_menkaure
D:6:      lemuel_doored_altar, minmay_temple_entry_overgrown,
          kennysheep_flooded_box, hangedman_decor_peaks_small, uniq_edmund
D:7:      grunt_qazlal_clouds, uniq_joseph
Temple:   nicolae_temple_no_exploring_needed

Skill      XL: |  1  2  3  4  5  6  7 |
---------------+----------------------+-----
Fighting       | 2 3 |  3.3
Translocations | 1 2 |  2.1
Hexes          | 2 4 6 |  6.0
Dodging        | 3 |  3.8
Short Blades   | 3 4 |  4.3
Necromancy     | 2 |  2.7
Staves         | |  0.1
Armour         | |  0.7
Spellcasting   | |  3.0
Charms         | |  4.4

Action                   |  1- 3 |  4- 6 |  7- 9 || total
-------------------------+-------+-------+-------++-------
Melee: Dagger            |   128 |   139 |    64 ||   331
       Short sword       |    15 |       |       ||    15
Throw: Stone             |     1 |       |       ||     1
 Cast: Infusion          |     6 |     1 |       ||     7
       Shroud of Golubri |     8 |     8 |       ||    16
       Spectral Weapon   |       |    10 |     3 ||    13
       Confuse           |       |       |    13 ||    13
  Use: Potion            |     2 |     4 |       ||     6
       Scroll            |       |     6 |       ||     6
 Stab: Sleeping          |     1 |       |       ||     1
       Confused          |       |       |     9 ||     9
  Eat: Chunk             |     2 |     5 |     2 ||     9
Armor: Leather armour    |    45 |    59 |    10 ||   114
       Skin              |       |     3 |       ||     3
Dodge: Dodged            |    94 |    91 |    28 ||   213

Table legend:
 A = Spawn XP
 B = Non-spawn XP
 C = Spawn XP percentage of total XP
 D = Spawn monster count
 E = Non-spawn monster count
 F = Spawn count percentage of total count
 G = Total turns spent on level
                    A         B        C        D         E        F      G
               +---------+---------+-------+---------+---------+-------+---------
         Total |       0 |    1102 |   0.0 |       0 |      70 |   0.0 |  3004
               +---------+---------+-------+---------+---------+-------+---------
           D:1 |       0 |      17 |   0.0 |       0 |      11 |   0.0 |   460
           D:2 |       0 |       7 |   0.0 |       0 |       4 |   0.0 |   298
           D:3 |       0 |      49 |   0.0 |       0 |      20 |   0.0 |   574
           D:4 |       0 |     150 |   0.0 |       0 |      11 |   0.0 |   386
           D:5 |       0 |     235 |   0.0 |       0 |       8 |   0.0 |   466
           D:6 |       0 |     334 |   0.0 |       0 |       7 |   0.0 |   596
           D:7 |       0 |     310 |   0.0 |       0 |       9 |   0.0 |   211
               +---------+---------+-------+---------+---------+-------+---------
